 Dungeon Crawl Stone Soup version 0.26-a0-952-g76694b35de (webtiles) character file.

Game seed: 6736933925119335088

11277 pkoi the Cleaver (level 11, -4/97 HPs)
             Began as a Minotaur Gladiator on Nov 29, 2020.
             Was an Elder of Makhleb.
             Slain by a blink frog (6 damage)
             ... on level 1 of the Lair of Beasts.
             The game lasted 00:09:03 (8865 turns).

pkoi the Cleaver (Minotaur Gladiator)               Turns: 8865, Time: 00:09:04

Health: -4/97      AC: 11    Str: 28    XL:     11   Next: 47%
Magic:  16/16      EV: 11    Int:  5    God:    Makhleb [****..]
Gold:   406        SH:  0    Dex: 18    Spells: 9/10 levels left

rFire    + . .     SeeInvis .   G - +4 war axe
rCold    + . .     Faith    +   (no shield)
rNeg     + + +     Spirit   .   s - +10 chain mail of Tempters {-Cast *Corrode rN+++ MR+++}
rPois    .         Reflect  .   c - +0 hat
rElec    .         Harm     .   M - scarf {rC+ rF+}
rCorr    .         Rampage  .   (no gloves)
MR       +++..     NoCast   +   t - +1 pair of boots
Stlth    ..........             k - amulet of faith
HPRegen  0.26/turn              e - +6 ring of strength
MPRegen  0.15/turn              q - +6 ring of dexterity

@: corroded
A: retaliatory headbutt, horns 2
a: Minor Destruction, Lesser Servant of Makhleb, Major Destruction, Renounce
Religion


You were on level 1 of the Lair of Beasts.
You worshipped Makhleb.
Makhleb was greatly pleased with you.
You visited 3 branches of the dungeon, and saw 11 of its levels.

You collected 406 gold pieces.

Inventory:

Hand Weapons
 a - a +1 war axe
 G - a +4 war axe (weapon)
 N - a +0 scimitar of flaming
 O - a +1 eveningstar of protection
Missiles
 d - 4 throwing nets
 g - 24 poisoned darts (quivered)
 l - 7 boomerangs
 E - 2 silver javelins
Armour
 c - a +0 hat (worn)
 s - the +10 chain mail of Tempters (worn) {-Cast *Corrode rN+++ MR+++}
   (You found it on level 4 of the Dungeon)

   It renders you almost immune to negative energy.
   It affects your resistance to hostile enchantments.
   It prevents spellcasting.
   It may corrode you when you take damage.
 t - a +1 pair of boots (worn)
 F - a +0 cloak
 M - a scarf of resistance (worn)
Jewellery
 e - a +6 ring of strength (left hand)
 k - an amulet of faith (around neck)
 q - a +6 ring of dexterity (right hand)
 w - an uncursed ring of fire
 H - an uncursed ring of ice
 I - a +4 ring of protection {unknown}
 K - an uncursed ring of stealth {unknown}
 L - an uncursed amulet of the acrobat {unknown}
Wands
 p - a wand of iceblast (31)
 x - a wand of acid (22)
 J - a wand of digging (10)
Scrolls
 h - 2 scrolls of enchant weapon
 j - 5 scrolls of remove curse
 m - 6 scrolls of identify
 v - 5 scrolls of teleportation
 y - a scroll of amnesia
 B - a scroll of fog
Potions
 b - 2 potions of invisibility {unknown}
 f - 6 potions of might {unknown}
 i - a potion of magic {unknown}
 n - 2 potions of brilliance
 o - a potion of degeneration {unknown}
 r - 2 potions of heal wounds {unknown}
 u - 3 potions of resistance {unknown}
 z - 3 potions of mutation {unknown}
 A - a potion of flight {unknown}
 C - a potion of ambrosia {unknown}
 D - a potion of lignification {unknown}


   Skills:
 - Level 9.0 Fighting
 + Level 14.2 Axes
 - Level 2.0 Throwing
 - Level 8.6 Armour
 - Level 3.2 Dodging
 + Level 9.2 Invocations
 - Level 1.0 Evocations


You had 9 spell levels left.
You knew the following spells:

 Your Spells              Type           Power        Failure   Level
a - Apportation           Tloc           #.....       94%         1

Your spell library contained the following spells:

 Spells                   Type           Power        Failure   Level
 Magic Dart               Conj           #...         94%         1
 Searing Ray              Conj           #.....       98%         2
 Confusing Touch          Hex            #.......     100%        3
 Dazzling Flash           Conj/Hex       #.....       100%        3
 Gell's Gravitas          Tloc           #.........   100%        3
 Lesser Beckoning         Tloc           #.........   100%        3
 Tukima's Dance           Hex            #.......     100%        3
 Fulminant Prism          Conj/Hex       #.........   100%        4
 Iskenderun's Mystic Bla  Conj/Tloc      #.......     100%        4
 Petrify                  Tmut/Erth      #.......     100%        4
 Alistair's Intoxication  Tmut/Pois      #........    100%        5
 Metabolic Englaciation   Hex/Ice        #.........   100%        5
 Yara's Violent Unravell  Hex/Tmut       #.........   100%        5
 Invisibility             Hex            #.......     100%        6


Dungeon Overview and Level Annotations

Branches:
Dungeon (9/15)             Temple (1/1) D:5            Lair (1/6) D:8
    Orc: D:9-12

Altars:
Ashenzari
Cheibriados
Dithmenos
Elyvilon
Fedhas
Gozag
Hepliaklqana
Kikubaaqudgha
Makhleb
Nemelex Xobeh
Okawaru
Qazlal
Ru
Sif Muna
Trog
Uskayaw
Vehumet
Wu Jian
Xom
Yredelemnul
Zin
The Shining One

Annotations:
D:3 2 transporters, Sun's ghost, amateur KoSu


Innate Abilities, Weirdness & Mutations

You reflexively headbutt those who attack you in melee.
You have a pair of horns on your head.


Message History

The yak gores your neqoxec but does no damage.
The blink frog hits you.
The blink frog blinks!
The yak gores you!
Your corrosive artefact corrodes you!
Unknown command.
The blink frog blinks!
Your neqoxec hits the yak! The blink frog hits you!
* * * LOW HITPOINT WARNING * * *
The yak gores your neqoxec.
The blink frog blinks!
Your neqoxec gestures.
The yak gores your neqoxec. The blink frog hits you!
* * * LOW HITPOINT WARNING * * *
The blink frog blinks!
The blink frog hits you!
* * * LOW HITPOINT WARNING * * *
The komodo dragon closely misses your quasit.
Your neqoxec hits the yak!
The yak dies!
Makhleb accepts your kill.
Your crimson imp blinks!
The blink frog hits you.
You die...

##........##
#.........#
#........##
#........#
#........#
##........#
#.........#
#...F....#
#..@F....#
##..Y.....#
#...Y.Y...#
........5...#
........5l..§#
..........$..#
............3#
........F.5††#
.........††..#


You could see a komodo dragon, 3 yaks, 3 blink frogs, a friendly neqoxec
(summoned), a friendly quasit (summoned), a friendly crimson imp (summoned) and
a friendly white imp (summoned).

Vanquished Creatures
  Erica (Lair:1)
  Urug (Lair:1)
  2 cane toads (Lair:1)
  A komodo dragon (Lair:1)
  3 trolls
  Grinder (D:3)
  A blink frog (Lair:1)
  2 wyverns
  14 yaks
  5 water moccasins
  4 sky beasts
  2 orc warriors
  2 black bears (D:8)
  3 ice beasts
  6 ogres
  7 centaurs
  2 big kobolds
  16 bullfrogs
  A wyvern skeleton (D:6)
  4 scorpions
  3 howler monkeys (D:7)
  A bullfrog zombie (D:5)
  2 bullfrog skeletons
  3 orc priests
  2 hounds
  A centaur skeleton (D:8)
  8 orc wizards
  Jessica (D:3)
  Natasha (thrice) (D:4)
  An iguana (D:5)
  7 worker ants
  A hound skeleton (D:9)
  2 worker ant zombies (D:8)
  A howler monkey zombie (D:6)
  7 gnolls
  8 adders
  3 shadow imps
  A white imp (D:7)
  An ufetubus (D:5)
  3 oozes
  An adder skeleton (D:4)
  2 adder zombies
  A dart slug (D:3)
  6 leopard geckos
  38 orcs
  4 giant cockroaches
  7 goblins
  11 hobgoblins
  7 jackals
  19 kobolds
  5 quokkas
  2 ball pythons
  7 bats
  8 frilled lizards
  A quokka skeleton (D:6)
  9 rats
  A spectral orc (D:8)
266 creatures vanquished.

Vanquished Creatures (collateral kills)
  A black mamba (Lair:1)
  A cane toad (Lair:1)
  2 yaks (Lair:1)
4 creatures vanquished.

Vanquished Creatures (others)
  54 fungi
  47 plants
101 creatures vanquished.

Grand Total: 371 creatures vanquished

Notes
Turn   | Place    | Note
-------+----------+-------------------------------------------
     0 | D:1      | pkoi the Minotaur Gladiator began the quest for the Orb.
     0 | D:1      | Reached XP level 1. HP: 18/18 MP: 0/0
   231 | D:1      | Reached skill level 4 in Axes
   313 | D:1      | Reached XP level 2. HP: 22/25 MP: 1/1
   599 | D:1      | Reached skill level 5 in Axes
   662 | D:1      | Reached XP level 3. HP: 30/30 MP: 2/2
  1300 | D:2      | Found an opulent altar of Gozag.
  1300 | D:2      | Found a bloodstained altar of Trog.
  1851 | D:3      | Reached skill level 6 in Axes
  1851 | D:3      | Reached XP level 4. HP: 37/37 MP: 3/3
  1925 | D:3      | Found a faded altar of an unknown god.
  1967 | D:3      | Noticed Jessica
  1983 | D:3      | Killed Jessica
  2425 | D:3      | Identified the cursed +0 spear of the Red Skies {venom, rC+
                  | rN+ Str+2 Dex+2}
  2451 | D:3      | Found a transporter.
  2509 | D:3      | Noticed Sun's ghost (amateur KoSu)
  2573 | D:3      | Found a transporter.
  2587 | D:4      | Noticed Natasha
  2587 | D:4      | Noticed Grinder
  2592 | D:3      | Paralysed by Grinder for 2 turns
  2596 | D:3      | Killed Grinder
  2597 | D:3      | Reached skill level 8 in Axes
  2597 | D:3      | Reached XP level 5. HP: 19/42 MP: 4/4
  2597 | D:3      | Reached XP level 6. HP: 23/50 MP: 5/5
  2850 | D:4      | Killed Natasha
  2946 | D:4      | Reached skill level 9 in Axes
  3086 | D:4      | Noticed Natasha
  3091 | D:4      | Killed Natasha
  3315 | D:4      | Found an opulent altar of Gozag.
  3320 | D:4      | Reached XP level 7. HP: 52/56 MP: 6/6
  3465 | D:4      | Noticed Natasha
  3471 | D:4      | Killed Natasha
  3487 | D:4      | Got a transparent chain mail
  3498 | D:4      | Identified the +10 chain mail of Tempters {-Cast *Corrode
                  | rN+++ MR+++} (You found it on level 4 of the Dungeon)
  3773 | D:5      | Entered Level 5 of the Dungeon
  3811 | D:5      | Reached skill level 10 in Axes
  3861 | D:5      | Reached skill level 1 in Armour
  3940 | D:5      | Reached skill level 1 in Evocations
  3955 | D:5      | Found a staircase to the Ecumenical Temple.
  3964 | Temple   | Entered the Ecumenical Temple
  4075 | Temple   | Became a worshipper of Makhleb the Destroyer
  4149 | D:5      | Reached skill level 1 in Invocations
  4174 | D:5      | Learned a level 1 spell: Apportation
  4238 | D:5      | Found a snail-covered altar of Cheibriados.
  4238 | D:5      | Found a radiant altar of Vehumet.
  4243 | D:5      | Found a faded altar of an unknown god.
  4245 | D:5      | Found a glowing golden altar of the Shining One.
  4246 | D:5      | Found a shimmering blue altar of Sif Muna.
  4562 | D:6      | Reached XP level 8. HP: 66/66 MP: 8/8
  4625 | D:6      | Noticed a troll
  4636 | D:6      | Killed a troll
  4914 | D:6      | Reached skill level 5 in Fighting
  4973 | D:6      | Found a sacrificial altar of Ru.
  5325 | D:6      | Reached skill level 11 in Axes
  5573 | D:7      | Reached * piety under Makhleb
  5574 | D:7      | Reached skill level 5 in Armour
  5626 | D:7      | Reached XP level 9. HP: 75/75 MP: 10/10
  6153 | D:7      | Reached ** piety under Makhleb
  6612 | D:8      | Reached skill level 5 in Invocations
  6635 | D:8      | Reached skill level 12 in Axes
  6637 | D:8      | Reached XP level 10. HP: 88/88 MP: 13/13
  6650 | D:8      | Found a staircase to the Lair.
  6705 | D:8      | Reached *** piety under Makhleb
  6756 | D:8      | Found a basalt altar of Yredelemnul.
  6937 | D:8      | Found an ancient bone altar of Kikubaaqudgha.
  7270 | D:8      | Found a sacrificial altar of Ru.
  7270 | D:8      | Found an ornate altar of the Wu Jian Council.
  7391 | D:9      | Found a sparkling altar of Nemelex Xobeh.
  7795 | D:9      | Reached **** piety under Makhleb
  8337 | Lair:1   | Entered Level 1 of the Lair of Beasts
  8350 | Lair:1   | Noticed Erica
  8357 | Lair:1   | Killed Erica
  8358 | Lair:1   | Reached skill level 13 in Axes
  8387 | Lair:1   | Noticed a cane toad
  8390 | Lair:1   | Noticed Urug
  8397 | Lair:1   | Killed a cane toad
  8398 | Lair:1   | Reached XP level 11. HP: 83/97 MP: 15/15
  8406 | Lair:1   | Killed Urug
  8851 | Lair:1   | Reached skill level 14 in Axes
  8863 | Lair:1   | HP: 1/97 [blink frog (11)]
  8865 | Lair:1   | Slain by a blink frog

Illustrated notes

Levels and vault maps discovered:
D:1:      heliophobic_arrival_glass_houses, layout_loops_corners
D:2:      layout_basic, chequers_temple_overflow_statue_of_worship
D:3:      layout_basic, gammafunk_ghost_gnarly_gnolls,
          chequers_ecumenical_altar_simple, uniq_jessica
D:4:      layout_basic, nicolae_gozag_cash_rules_everything_around_me,
          uniq_natasha, uniq_grinder
D:5:      layout_loops_ring, chequers_temple_overflow_minitemple,
          temple_fountains
D:6:      lemuel_upstairs_altar, layout_loops_ring,
          nicolae_ru_sacrificial_ziggurat
D:7:      layout_loops_corners
D:8:      layout_loops_corners, yredelemnul_forgotten_temple_becter,
          gammafunk_temple_overflow_statue, due_lair_maze_entry_diamond,
          basic_altar
D:9:      layout_cave_pods, nemelex_xobeh_ov_fountains_minmay
Temple:   hc_temple_tempest_star
Lair:1:   layout_big_grid, infiniplex_staircase_pool_2, uniq_erica, uniq_urug,
          uniq_harold

Skill      XL: |  1  2  3  4  5  6  7  8  9 10 11 |
---------------+----------------------------------+-----
Axes           | 4 5 6 8 9 10 11 12 13 14 | 14.2
Armour         | 2 5 7 8 |  8.6
Fighting       | 3 5 7 9 |  9.0
Evocations     | 1 |  1.0
Invocations    | 1 3 5 7 9 |  9.2
Throwing       | |  2.0
Dodging        | |  3.2

Action                   |  1- 3 |  4- 6 |  7- 9 | 10-12 || total
-------------------------+-------+-------+-------+-------++-------
Melee: War axe           |    87 |    78 |   223 |   187 ||   575
       Headbutt          |     8 |    12 |    53 |    70 ||   143
Throw: Dart              |       |     1 |       |       ||     1
       Throwing net      |       |     1 |       |       ||     1
Invok: Lesser Servant of |       |       |       |     2 ||     2
  Use: Potion            |       |     1 |       |       ||     1
       Scroll            |       |     5 |       |     2 ||     7
Armor: Leather armour    |    15 |       |       |       ||    15
       Chain mail        |    17 |    24 |   120 |   110 ||   271
Dodge: Dodged            |    52 |    25 |   115 |    85 ||   277

Table legend: (Time is in decaauts)
 A = Elapsed time spent in this place.
 B = Non-inter-level travel time spent in this place.
 C = Inter-level travel time spent in this place.
 D = Time resting spent in this place.
 E = Time spent auto-exploring this place.
 F = Levels seen in this place.
 G = Mean time per level.
                   A        B        C        D        E       F      G
               +--------+--------+--------+--------+--------+-----+--------+
         Total |   8865 |   8300 |    565 |   1216 |   5708 |  11 |  805.9 |
       Dungeon |   8222 |   7669 |    553 |    854 |   5565 |   9 |  913.6 |
        Temple |    123 |    111 |     12 |      0 |     86 |   1 |  123.0 |
          Lair |    519 |    519 |      0 |    362 |     56 |   1 |  519.0 |
               +--------+--------+--------+--------+--------+-----+--------+

Top non-repeatable levels by time:
     D:1: 1088 daAuts
     D:8: 968 daAuts
     D:4: 965 daAuts
     D:9: 953 daAuts
     D:7: 934 daAuts
     D:3: 921 daAuts
     D:6: 907 daAuts
     D:2: 833 daAuts
     D:5: 650 daAuts
  Lair:1: 519 daAuts
  Temple: 123 daAuts
